 Dungeon Crawl Stone Soup version 0.29-a0-821-g66395355a5 (webtiles) character file.

Game seed: 9499786017665231489

42 Shayle the Sneak (level 3, -2/33 HPs)
             Began as a Naga Brigand on July 7, 2022.
             Slain by Sigmund
             ... wielding a +0 scythe
              (10 damage)
             ... on level 2 of the Dungeon on July 8, 2022.
             The game lasted 00:06:58 (1607 turns).

Shayle the Sneak (Naga Brigand)                     Turns: 1607, Time: 00:06:58

Health: -2/33      AC:  4    Str: 11 (13) XL:     3   Next: 56%
Magic:  3/3        EV:  8    Int: 12 (13) God:
Gold:   42         SH:  0    Dex: 11 (12) Spells: 2/2 levels left

rFire   . . .      SeeInvis +   a - +2 dagger
rCold   . . .      Faith    .   (no shield)
rNeg    . . .      Spirit   .   h - +0 ring mail
rPois   +          Reflect  .   (no helmet)
rElec   .          Harm     .   c - +0 cloak
rCorr   .          Rampage  .   (no gloves)
Will    .....                   (no barding)
Stlth   +.........              (no amulet)
HPRegen 0.11/turn               (no ring)
MPRegen 0.08/turn               (no ring)

@: confused, flying (expiring), very slow
A: AC +1, large, see invisible, deformed body, poison resistance, slowness 2,
spit poison 1, naga tail 1
a: Spit Poison


You were on level 2 of the Dungeon.
You visited 1 branch of the dungeon, and saw 2 of its levels.

You collected 90 gold pieces.
You spent 48 gold pieces at shops.

Inventory:

Hand Weapons
 a - a +2 dagger (weapon)
Missiles
 d - 8 poisoned darts (quivered)
Armour
 b - a +0 robe
 c - a +0 cloak (worn)
 h - a +0 ring mail (worn)


   Skills:
 + Level 2.4 Fighting
 - Level 2.3 Short Blades
 - Level 2.2 Throwing
 + Level 1.3 Dodging
 + Level 6.3 Stealth
 + Level 0.1 Spellcasting


You had 2 spell levels left.
You didn't know any spells.
Your spell library contained the following spells:

 Spells                   Type           Power      Damage    Failure   Level
 Summon Small Mammal      Summ           0%         N/A       63%         1
 Call Canine Familiar     Summ           0%         N/A       94%         3
 Summon Guardian Golem    Hex/Summ       0%         N/A       94%         3


Dungeon Overview and Level Annotations

Branches:
Dungeon (2/15)

Altars:

Shops:
D:2 *

Annotations:
D:2 Sigmund


Innate Abilities, Weirdness & Mutations

Your serpentine skin is tough. (AC +1)
You have supernaturally acute eyesight. (SInv)
Armour fits poorly on your strangely shaped body.
Your system is resistant to poisons. (rPois)
You cover ground very slowly.
You can spit poison.
You have a snake-like lower body.


Message History

Press: ? - help, Q - select action, (/) - cycle Shift-Dir - straight line, f/p - Sigmund
Aim: Sigmund, wielding a +0 scythe and wearing a +0 robe (heavily wounded, unusually resistant, slightly transparent, 53% to hit)
You throw a poisoned dart.
The poisoned dart barely misses Sigmund.
You have got your breath back.
Sigmund closely misses you. Sigmund hits you with a +0 scythe.
* * * LOW HITPOINT WARNING * * *
Items here: ! ( ) ††.
You barely miss Sigmund. Your punch misses Sigmund.
Sigmund is heavily wounded.
Unknown command.
Aiming: Spit Poison (2% risk of failure)
Press: ? - help, Shift-Dir - straight line, f/p - Sigmund
Aim: Sigmund, wielding a +0 scythe and wearing a +0 robe (heavily wounded, unusually resistant, slightly transparent, 54% to hit)
The splash of poison hits Sigmund.
Sigmund is poisoned.
Sigmund is heavily wounded.
Sigmund hits you with a +0 scythe.
* * * LOW HITPOINT WARNING * * *
You closely miss Sigmund.
Sigmund is heavily wounded.
Sigmund smiles chillingly.
Sigmund barely misses you.
You hit Sigmund.
Sigmund is heavily wounded.
You hit Sigmund.
Sigmund is severely wounded.
You have got your breath back.
Sigmund points at you and mumbles some strange words.
You are confused.
You hit Sigmund.
Sigmund is severely wounded.
Sigmund hits you but does no damage.
You barely miss Sigmund.
Sigmund is severely wounded.
You are starting to lose your buoyancy.
You barely miss Sigmund.
Sigmund is almost dead.
Sigmund hits you with a +0 scythe!
You die...

#.........#
#.........#
#.........#
#.........#
#.........#
#.........#
#J.# #@## #@#
#.# ###.#
###...#
#...#####
###.###...#
#...##..###
#.####.##
#.####.##.†.#


You could see Sigmund (resistant, invisible, poisoned) and an endoplasm.

Vanquished Creatures
  2 ball pythons
  2 bats (D:1)
  4 endoplasms
  7 goblins
  6 hobgoblins
  7 kobolds
  2 frilled lizards (D:1)
  7 rats
37 creatures vanquished.

Notes
Turn   | Place    | Note
-------+----------+-------------------------------------------
     0 | D:1      | Shayle the Naga Brigand began the quest for the Orb.
     0 | D:1      | Reached XP level 1. HP: 19/19 MP: 1/1
   210 | D:1      | Reached skill level 1 in Dodging
   210 | D:1      | Reached skill level 6 in Stealth
   210 | D:1      | Reached XP level 2. HP: 26/26 MP: 2/2
   794 | D:1      | Reached XP level 3. HP: 29/32 MP: 3/3
  1432 | D:2      | Found Qajutep's Assorted Antiques.
  1461 | D:2      | Bought a smoky red potion for 24 gold pieces
  1461 | D:2      | Bought a fizzy yellow potion for 24 gold pieces
  1580 | D:2      | Noticed Sigmund
  1607 | D:2      | Slain by Sigmund

Illustrated notes

Levels and vault maps discovered:
D:1:      lemuel_arrival_cross, layout_basic, serial_co_window_serial,
          co_window_paths_b, co_window_paths_a, co_window_paths_a,
          co_window_cross_1, co_window_paths_a, co_window_paths_b,
          co_window_paths_b, co_window_corner_b, co_window_cross_4,
          co_window_corner_ca, glass_columns_c, glass_columns_b,
          kennysheep_crisscross
D:2:      layout_rooms, serial_curves, eino_curves_03, eino_curves_01,
          serial_shops, shop_fountains, uniq_sigmund

Skill      XL: |  1  2 |
---------------+-------+-----
Dodging        | 1 |  1.3
Stealth        | 6 |  6.3
Throwing       | 2 |  2.2
Fighting       | |  2.4
Short Blades   | |  2.3
Spellcasting   | |  0.1

Action                   || total
-------------------------++-------
Melee: Dagger            ||    74
Throw: Dart              ||     9
 Abil: Spit Poison       ||    34
  Use: Scroll            ||     2
       Potion            ||     3
 Stab: Sleeping          ||     1
Armor: Robe              ||    14
       Ring mail         ||     8
Dodge: Dodged            ||    42

Table legend: (Time is in decaauts)
 A = Elapsed time spent in this place.
 B = Non-inter-level travel time spent in this place.
 C = Inter-level travel time spent in this place.
 D = Time resting spent in this place.
 E = Time spent auto-exploring this place.
 F = Levels seen in this place.
 G = Mean time per level.
                   A        B        C        D        E       F      G
               +--------+--------+--------+--------+--------+-----+--------+
         Total |   2025 |   1831 |    194 |    178 |   1216 |   2 | 1012.5 |
       Dungeon |   2025 |   1831 |    194 |    178 |   1216 |   2 | 1012.5 |
               +--------+--------+--------+--------+--------+-----+--------+

Top non-repeatable levels by time:
     D:1: 1795 daAuts
     D:2: 230 daAuts
